 Dungeon Crawl Stone Soup version 0.32-a0-705-g60f233581c (webtiles) character file.

Game seed: 7599586417091016352

176 zazu2006 the Gusty (level 5, -2/43 HPs)
             Began as a Gnoll Wanderer on Mar 14, 2024.
             Incinerated by a bombardier beetle (6 damage)
             ... with a burning spray
             ... on level 4 of the Dungeon.
             The game lasted 00:05:32 (2021 turns).

zazu2006 the Gusty (Gnoll Wanderer)                 Turns: 2021, Time: 00:05:33

Health: -2/43      AC:  3    Str: 11    XL:     5   Next: 56%
Magic:  10/12      EV: 11    Int: 15    God:
Gold:   150        SH:  0    Dex: 10    Spells: 13/14 levels left

rFire   . . .        e - +1 dagger (venom)
rCold   . . .        (no shield)
rNeg    . . .        c - +0 robe
rPois   .            (no helmet)
rElec   .            (no cloak)
rCorr   .            n - +0 pair of gloves
SInv    .            (no boots)
Will    .....        (no amulet)
Stlth   +            o - ring of wizardry
HPRegen 0.27/turn    (no ring)
MPRegen 0.13/turn

%: wizardry (x1)
@: on fire, glowing
A: fangs 1, strong nose, distributed training
a: no special abilities


You were on level 4 of the Dungeon.
You visited 1 branch of the dungeon, and saw 4 of its levels.

You collected 150 gold pieces.

Inventory:

Hand Weapons
 e - a +1 dagger of venom (weapon)
Armour
 c - a +0 robe (worn)
 n - a +0 pair of gloves (worn)
Jewellery
 o - a ring of wizardry (left hand)
 p - an amulet of faith
Scrolls
 a - a scroll of noise {unknown}
 d - a scroll of silence
 f - a scroll of fog {unknown}
 h - a scroll of fear {unknown}
 i - a scroll of poison {unknown}
 j - 3 scrolls of identify {unknown}
 k - 3 scrolls of enchant weapon {unknown}
 l - a scroll of immolation {unknown}
Potions
 b - a potion of attraction
 g - a potion of enlightenment {unknown}
 m - a potion of curing {unknown}


   Skills:
 + Level 4.8 Fighting
 + Level 1.6 Short Blades
 + Level 1.6 Long Blades
 + Level 1.6 Axes
 + Level 1.6 Maces & Flails
 + Level 1.6 Polearms
 + Level 1.6 Staves
 + Level 1.6 Ranged Weapons
 + Level 1.6 Throwing
 + Level 1.6 Armour
 + Level 3.0 Dodging
 + Level 1.6 Stealth
 + Level 1.6 Shields
 + Level 1.6 Unarmed Combat
 + Level 5.2 Spellcasting
 + Level 1.3 Conjurations
 + Level 1.3 Hexes
 + Level 1.3 Summonings
 + Level 1.3 Necromancy
 + Level 1.3 Translocations
 + Level 1.3 Fire Magic
 + Level 1.3 Ice Magic
 + Level 5.6 Air Magic
 + Level 1.3 Earth Magic
 + Level 1.3 Alchemy
 + Level 1.8 Invocations
 + Level 4.8 Evocations
 + Level 1.4 Shapeshifting


You had 13 spell levels left.
You knew the following spells:

 Your Spells              Type           Power      Damage    Failure   Level
a - Shock                 Conj/Air       56%        1d6       1%          1

Your spell library contained the following spells:

 Spells                   Type           Power      Damage    Failure   Level
 Mercury Vapours          Alch/Air       28%        N/A       2%          2
 Cigotuvi's Dreadful Rot  Necr/Alch/Air  24%        N/A       3%          2
 Kiss of Death            Conj/Necr      28%        2d7       4%          1
 Sandblast                Erth           14%        2d6       4%          1
 Confusing Touch          Hex            7%         N/A       12%         3
 Passwall                 Erth           7%         N/A       12%         3
 Dispel Undead            Necr           7%         3d8       34%         4


Dungeon Overview and Level Annotations

Branches:
Dungeon (4/15)
 Temple: D:4-7

Altars:


Innate Abilities, Weirdness & Mutations

You have very sharp teeth.
Your uncanny sense of smell can sniff out nearby items.
Your experience applies equally to all skills.


Message History

Press: ? - help, Shift-Dir - straight line, f/p - bombardier beetle
Aim: a bombardier beetle (heavily wounded, 83% to hit)
The zap misses the bombardier beetle.
The bombardier beetle sprays incendiary fluid at you.
The burning spray hits you.
You are covered in liquid fire!
You shake off some of the fire as you move.
The liquid fire burns you!
You shake off the liquid fire.
The bombardier beetle sprays incendiary fluid at you.
The burning spray hits you.
You are covered in liquid fire!
You hit the bombardier beetle but do no damage.
The bombardier beetle is poisoned.
The bombardier beetle is heavily wounded.
The liquid fire burns you!
You closely miss the bombardier beetle.
The bombardier beetle is severely wounded.
The liquid fire burns you!
The bombardier beetle sprays incendiary fluid at you.
The burning spray misses you.
You hit the bombardier beetle but do no damage.
The bombardier beetle looks as sick as possible!
The bombardier beetle is almost dead.
The liquid fire burns you!
You kill the bombardier beetle!
You are on fire!
The liquid fire burns you! The liquid fire burns you!
The liquid fire burns you! The liquid fire burns you!
The liquid fire burns you! The liquid fire burns you!
* * * LOW HITPOINT WARNING * * *
The liquid fire burns you!
* * * LOW HITPOINT WARNING * * *
The liquid fire burns you!
* * * LOW HITPOINT WARNING * * *
The liquid fire burns you!
You die...

##.#$.
#######......
#.)#...<....#
##<...........
##.............
#...........##
#.##.........#.#
#.....(...#.....#
#.ß.ß.ß..@.......
#.....$...†##....
#....##...... ..
#.........##...
..........# ...##
.....##...# .##.
#.. ##..# #⌠. #.
...# ##.


There were no monsters in sight!

Vanquished Creatures
  A bombardier beetle (D:4)
  4 adders
  A gnoll (D:1)
  3 ribbon worms (D:2)
  3 dart slugs
  9 orcs
  3 ball pythons
  4 endoplasms
  7 goblins
  3 hobgoblins
  12 jackals
  6 kobolds
  5 bats
  5 frilled lizards
  3 rats
69 creatures vanquished.

Notes
Turn   | Place    | Note
-------+----------+-------------------------------------------
     0 | D:1      | zazu2006 the Gnoll Wanderer began the quest for the Orb.
     0 | D:1      | zazu2006 set off with the following items: a +0 club, a
                  | potion of attraction, a +0 robe, a scroll of silence; and
                  | the following spells available to memorise: Shock, Mercury
                  | Vapours, Cigotuvi's Dreadful Rot, Sandblast, Passwall.
     0 | D:1      | Reached XP level 1. HP: 20/20 MP: 6/6
     2 | D:1      | Learned a level 1 spell: Shock
    88 | D:1      | Reached XP level 2. HP: 26/26 MP: 0/7
   457 | D:1      | Reached skill level 5 in Spellcasting
   457 | D:1      | Reached XP level 3. HP: 30/31 MP: 3/9
   615 | D:1      | Reached skill level 1 in Invocations
   986 | D:2      | Reached skill level 1 in Short Blades
   986 | D:2      | Reached skill level 1 in Long Blades
   986 | D:2      | Reached skill level 1 in Axes
   986 | D:2      | Reached skill level 1 in Maces & Flails
   986 | D:2      | Reached skill level 1 in Polearms
   986 | D:2      | Reached skill level 1 in Staves
   986 | D:2      | Reached skill level 1 in Ranged Weapons
   986 | D:2      | Reached skill level 1 in Throwing
   986 | D:2      | Reached skill level 1 in Armour
   986 | D:2      | Reached skill level 1 in Stealth
   986 | D:2      | Reached skill level 1 in Shields
   986 | D:2      | Reached skill level 1 in Unarmed Combat
  1031 | D:2      | Reached skill level 1 in Shapeshifting
  1031 | D:2      | Reached XP level 4. HP: 38/38 MP: 6/11
  1357 | D:2      | Reached skill level 1 in Conjurations
  1357 | D:2      | Reached skill level 1 in Hexes
  1357 | D:2      | Reached skill level 1 in Summonings
  1357 | D:2      | Reached skill level 1 in Necromancy
  1357 | D:2      | Reached skill level 1 in Translocations
  1357 | D:2      | Reached skill level 1 in Fire Magic
  1357 | D:2      | Reached skill level 1 in Ice Magic
  1357 | D:2      | Reached skill level 1 in Earth Magic
  1357 | D:2      | Reached skill level 1 in Alchemy
  1793 | D:3      | Reached XP level 5. HP: 43/43 MP: 5/12
  2021 | D:4      | Incinerated by a bombardier beetle

Illustrated notes

Levels and vault maps discovered:
D:1:      amcnicky_arrival_abandoned_market, layout_rooms
D:2:      layout_rooms, minmay_tiny_reverse_x
D:3:      layout_loops_cross, grunt_temple_overflow_diamond, serial_shops, shop,
          chequers_ecumenical_altar_simple_redux, grunt_ministairs_10
D:4:      layout_cave_pools, nicolae_uskayaw_suspiria,
          makhleb_altar_promises_db, serial_column_ruins,
          column_ruins_square_medium, column_ruins_grid_5,
          column_ruins_columns_dead_end, column_ruins_grid_1,
          column_ruins_grid_1, column_ruins_grid_1, column_ruins_grid_1,
          column_ruins_corridor_corner, hellmonk_ghost_happy_afterlife

Skill      XL: |  1  2  3  4  5 |
---------------+----------------+-----
Spellcasting   | 5 |  5.2
Invocations    | 1 |  1.8
Short Blades   | 1 |  1.6
Long Blades    | 1 |  1.6
Axes           | 1 |  1.6
Maces & Flails | 1 |  1.6
Polearms       | 1 |  1.6
Staves         | 1 |  1.6
Ranged Weapons | 1 |  1.6
Throwing       | 1 |  1.6
Armour         | 1 |  1.6
Stealth        | 1 |  1.6
Shields        | 1 |  1.6
Unarmed Combat | 1 |  1.6
Shapeshifting  | 1 |  1.4
Conjurations   | 1 |  1.3
Hexes          | 1 |  1.3
Summonings     | 1 |  1.3
Necromancy     | 1 |  1.3
Translocations | 1 |  1.3
Fire Magic     | 1 |  1.3
Ice Magic      | 1 |  1.3
Earth Magic    | 1 |  1.3
Alchemy        | 1 |  1.3
Dodging        | 3 |  3.0
Fighting       | |  4.8
Air Magic      | |  5.6
Evocations     | |  4.8

Action                     |  1- 3 |  4- 6 || total
---------------------------+-------+-------++-------
  Melee: Club              |    13 |       ||    13
         Dagger            |    26 |    56 ||    82
         Bite              |     3 |     6 ||     9
   Cast: Shock             |    53 |    71 ||   124
 Armour: Robe              |    27 |    26 ||    53
  Dodge: Dodged            |    41 |    23 ||    64

Table legend: (Time is in decaauts)
 A = Elapsed time spent in this place.
 B = Non-inter-level travel time spent in this place.
 C = Inter-level travel time spent in this place.
 D = Time resting spent in this place.
 E = Time spent auto-exploring this place.
 F = Levels seen in this place.
 G = Mean time per level.
                   A        B        C        D        E       F      G
               +--------+--------+--------+--------+--------+-----+--------+
         Total |   2018 |   1960 |     58 |      0 |   1527 |   4 |  504.5 |
       Dungeon |   2018 |   1960 |     58 |      0 |   1527 |   4 |  504.5 |
               +--------+--------+--------+--------+--------+-----+--------+

Top non-repeatable levels by time:
     D:1: 932 daAuts
     D:2: 651 daAuts
     D:3: 409 daAuts
     D:4: 25 daAuts
